[Event "ICC tourney 2201 (30 10)"]
[Site "Internet Chess Club"]
[Date "2020.12.13"]
[Round "3"]
[White "Mannansh"]
[Black "auggie29"]
[Result "0-1"]
[ICCResult "White checkmated"]
[WhiteElo "1257"]
[BlackElo "1095"]
[Opening "French: Chigorin variation"]
[ECO "C00"]
[NIC "FR.01"]
[Time "15:02:08"]
[PlyCount "56"]
[TimeControl "1800+10"]


1. e4 e6 2. Qe2 c5 3. g3 Nc6 4. Bg2 Be7 5. Nf3 d5 6. d3 Nf6 7. O-O O-O 8.
Nfd2 Nd4 9. Qd1 Qc7 10. f4 c4 11. c3 Nc6 12. e5 Nd7 13. dxc4 dxc4 14. Nxc4
f6 15. Qb3 fxe5 16. Nxe5 Ndxe5 17. fxe5 Rxf1+ 18. Kxf1 Qxe5 19. Bf4 Qf6 20.
Nd2 g5 21. Ne4 Qf7 22. Kg1 gxf4 23. Rf1 e5 24. Qb5 a6 25. Qa4 Bf5 26. gxf4
Bxe4 27. fxe5 Bc5+ 28. Kh1 Qxf1# { White checkmated } 0-1

[Event "ICC tourney 2201 (30 10)"]
[Site "Internet Chess Club"]
[Date "2020.12.13"]
[Round "3"]
[White "Abror"]
[Black "keb2020"]
[Result "1-0"]
[ICCResult "Black checkmated"]
[WhiteElo "1635"]
[BlackElo "1883"]
[Opening "Pirc: classical (two knights) system"]
[ECO "B08"]
[NIC "PU.10"]
[Time "15:01:56"]
[PlyCount "89"]
[TimeControl "1800+10"]


1. e4 d6 2. d4 Nf6 3. Nc3 g6 4. Nf3 Bg7 5. Bc4 O-O 6. O-O Nxe4 7. Nxe4 d5
8. Bd3 dxe4 9. Bxe4 Nc6 10. c3 h6 11. h3 f5 12. Bc2 g5 13. Re1 g4 14. hxg4
fxg4 15. Nh4 Qd6 16. Qd3 Rf6 17. Bb3+ Kf8 18. Qh7 e6 19. Ng6+ Kf7 20. Ne5+
Kf8 21. Nxg4 Rf7 22. Nxh6 Bxh6 23. Bxh6+ Ke7 24. Bg5+ Ke8 25. Qg8+ Qf8 26.
Qxf8+ Kxf8 27. Bxe6 Bxe6 28. Rxe6 Kg7 29. Rae1 Rf5 30. f4 Rc8 31. g4 Rb5
32. b4 a5 33. a3 axb4 34. axb4 Ra8 35. f5 Ra3 36. Bd2 Ra2 37. R1e2 Rd5 38.
Bh6+ Kf7 39. Rxa2 Nxd4 40. cxd4 Rxd4 41. Rae2 Rxg4+ 42. Rg2 Rxb4 43. Rg7+
Kf8 44. Rxc7+ Kg8 45. Re8# { Black checkmated } 1-0

[Event "ICC tourney 2201 (30 10)"]
[Site "Internet Chess Club"]
[Date "2020.12.13"]
[Round "3"]
[White "kdbel"]
[Black "AlanZ"]
[Result "1-0"]
[ICCResult "Black checkmated"]
[WhiteElo "1892"]
[BlackElo "1744"]
[Opening "Sicilian: accelerated fianchetto, Maróczy bind, 6.Be3"]
[ECO "B38"]
[NIC "SI.33"]
[Time "15:01:58"]
[PlyCount "63"]
[TimeControl "1800+10"]


1. e4 c5 2. Nf3 Nc6 3. d4 cxd4 4. Nxd4 g6 5. c4 Bg7 6. Be3 Nf6 7. Nc3 d6 8.
Be2 O-O 9. O-O Bd7 10. f4 Nxd4 11. Bxd4 Bc6 12. Bf3 Nd7 13. Bxg7 Kxg7 14.
Kh1 a5 15. Nd5 Nc5 16. Qd4+ Kg8 17. f5 b5 18. e5 bxc4 19. f6 Bxd5 20. Bxd5
Rc8 21. fxe7 Qxe7 22. exd6 Qd7 23. Bxc4 Nb7 24. Rf6 Nd8 25. Re1 Nc6 26. Qf4
Rb8 27. b3 Kg7 28. h4 h5 29. Rf1 Nd8 30. Qe5 Kg8 31. Rxg6+ Kh7 32. Qg7# {
Black checkmated } 1-0

[Event "ICC tourney 2201 (30 10)"]
[Site "Internet Chess Club"]
[Date "2020.12.13"]
[Round "3"]
[White "RatislavK"]
[Black "wildrumpus"]
[Result "1-0"]
[ICCResult "Black resigns"]
[WhiteElo "1311"]
[BlackElo "1535"]
[Opening "Queen's Indian defense"]
[ECO "A47"]
[NIC "QP.06"]
[Time "15:02:08"]
[PlyCount "59"]
[TimeControl "1800+10"]


1. d4 Nf6 2. Nf3 b6 3. d5 Bb7 4. c4 d6 5. Nc3 g6 6. e4 Bg7 7. h3 O-O 8. Be3
Nbd7 9. Qc2 Rc8 10. Rc1 Re8 11. Nd4 c6 12. dxc6 Bxc6 13. Nxc6 Rxc6 14. Be2
Qa8 15. O-O Rec8 16. b3 a6 17. Nd5 Kf8 18. Qd2 Nxe4 19. Qc2 Nef6 20. Nxf6
Nxf6 21. Bf3 d5 22. Bg5 e6 23. Qd3 Nd7 24. cxd5 Rxc1 25. dxe6 Rxf1+ 26.
Kxf1 Qxf3 27. e7+ Ke8 28. Qxf3 Ne5 29. Qb7 Rc6 30. Qb8+ { Black resigns }
1-0

[Event "ICC tourney 2201 (30 10)"]
[Site "Internet Chess Club"]
[Date "2020.12.13"]
[Round "3"]
[White "AdityaBang"]
[Black "Shakhmatova"]
[Result "0-1"]
[ICCResult "White forfeits on time"]
[WhiteElo "1408"]
[BlackElo "1792"]
[Opening "QP counter-gambit (elephant gambit)"]
[ECO "C40"]
[NIC "KP.10"]
[Time "15:01:59"]
[PlyCount "74"]
[TimeControl "1800+10"]


1. e4 e5 2. Nf3 d5 3. exd5 e4 4. Nd4 Qxd5 5. Nb3 Nf6 6. Be2 Bd6 7. Nc3 Qe6
8. Nd4 Qe7 9. d3 a6 10. Bg5 c5 11. Nb3 exd3 12. cxd3 Qe5 13. f4 Qe6 14. Ne4
Nxe4 15. dxe4 O-O 16. e5 Bc7 17. Nxc5 Ba5+ 18. Kf1 Qb6 19. Ne4 Nc6 20. Bd3
Nd4 21. Qh5 Nf5 22. g4 Ne3+ 23. Kg1 Nxg4+ 24. Kg2 g6 25. Qxg4 Bxg4 26. Nf6+
Kh8 27. Nxg4 Qxb2+ 28. Kf3 h5 29. Bf6+ Kh7 30. h3 Bd8 31. Rag1 Qxa2 32. Rg2
Qd5+ 33. Be4 Qb3+ 34. Kf2 Bb6+ 35. Ke2 Rac8 36. Be7 Qb2+ 37. Kf3 Rc3+ {
White forfeits on time } 0-1

[Event "ICC tourney 2201 (30 10)"]
[Site "Internet Chess Club"]
[Date "2020.12.13"]
[Round "3"]
[White "ybabji"]
[Black "tgeis13"]
[Result "1/2-1/2"]
[ICCResult "Game drawn by the 50 move rule"]
[WhiteElo "1854"]
[BlackElo "1044"]
[Opening "Scandinavian (center counter) defense"]
[ECO "B01"]
[NIC "VO.17"]
[Time "15:01:55"]
[PlyCount "232"]
[TimeControl "1800+10"]


1. e4 d5 2. exd5 Qxd5 3. d4 e5 4. dxe5 Qxd1+ 5. Kxd1 Nc6 6. f4 Bf5 7. c3
Bc5 8. Nf3 O-O-O+ 9. Ke1 f6 10. Bb5 fxe5 11. Bxc6 bxc6 12. Nxe5 Nf6 13. Nd2
Rhe8 14. b4 Bb6 15. Nc4 Ng4 16. Nxb6+ cxb6 17. Rf1 Nxh2 18. Rf2 Ng4 19. Re2
Kc7 20. a4 Rd5 21. c4 Rd6 22. Bb2 Rh6 23. Nxg4 Rxe2+ 24. Kxe2 Bxg4+ 25. Kf2
Re6 26. Bxg7 Re4 27. Be5+ Kb7 28. Kg3 h5 29. Rc1 Re2 30. c5 Ra2 31. Ra1
Rxa1 32. Bxa1 bxc5 33. bxc5 Kc8 34. Bc3 Kd7 35. Kh4 Ke6 36. Kg5 Kf7 37. Be5
Bd1 38. Bd6 a6 39. Bc7 Be2 40. f5 Bg4 41. Bg3 Bd1 42. Bf4 Bg4 43. g3 Bd1
44. a5 Bg4 45. Be5 Be2 46. Kf4 Bd1 47. Bd4 Be2 48. Ke5 Bc4 49. Kd6 Bb5 50.
Be5 Ba4 51. Kd7 Bb5 52. Bc3 Ba4 53. Kd8 Bc2 54. Bd4 Bb3 55. Kc7 Ba4 56. Bh8
Ke7 57. Bb2 Kf7 58. Kd8 Bb5 59. Kd7 Ba4 60. Be5 Bb5 61. Kc7 Ba4 62. Kd6 Bb5
63. Kd7 Ba4 64. f6 Bb5 65. Bb2 Ba4 66. Kc7 Ke6 67. Kd8 Kf7 68. Bd4 Bb5 69.
Kd7 Ba4 70. Kc7 Ke6 71. Be5 Kf7 72. Kb7 Bb5 73. Kb6 Ke6 74. Bd4 Kf7 75. Bc3
Ke6 76. Ka7 Kf7 77. Kb7 Ke6 78. Kc7 Ba4 79. Kd8 Kf7 80. Kd7 Bb5 81. Kd6 Ba4
82. Ke5 Bd1 83. Kd6 Ba4 84. Kd7 Bb5 85. Kc7 Ba4 86. Kd6 Bb5 87. Be5 Ba4 88.
Kd7 Bb5 89. Kc8 Ke6 90. Kb8 Ba4 91. Ka8 Kf7 92. Kb8 Ke6 93. Ka7 Bb5 94. Kb7
Kf7 95. Kc7 Ba4 96. Kd6 Bb5 97. Bc3 Ba4 98. Kd7 Bb5 99. Kd6 Ba4 100. Ke5
Bd1 101. Kf5 Bg4+ 102. Kf4 Bd1 103. Kf5 Bg4+ 104. Kg5 Bd1 105. Kh6 Be2 106.
Kg5 Bd1 107. Kf4 Be2 108. Ke5 Bd1 109. Kd6 Ba4 110. Bb2 Bb5 111. Ke5 Be2
112. Ke4 Bd1 113. Ke3 Ba4 114. Ke2 Bb5+ 115. Kd1 Bd3 116. Kd2 Bb5 { Game
drawn by the 50 move rule } 1/2-1/2

[Event "ICC tourney 2201 (30 10)"]
[Site "Internet Chess Club"]
[Date "2020.12.13"]
[Round "3"]
[White "SultanofBling"]
[Black "Artem13"]
[Result "1-0"]
[ICCResult "Black checkmated"]
[WhiteElo "1809"]
[BlackElo "1597"]
[Opening "Queen's pawn, Mason variation"]
[ECO "D00"]
[NIC "QP.08"]
[Time "15:02:36"]
[PlyCount "77"]
[TimeControl "1800+10"]


1. d4 d5 2. Bf4 f6 3. e3 Nc6 4. Bd3 g6 5. Nf3 Bg4 6. Bb5 e6 7. Bxc6+ bxc6
8. h3 Bxf3 9. Qxf3 Rb8 10. b3 Bd6 11. O-O h5 12. Nc3 g5 13. Bxd6 cxd6 14.
Qe2 Kf7 15. e4 Ne7 16. Rae1 e5 17. dxe5 dxe5 18. Na4 Qa5 19. g3 Ng6 20.
exd5 cxd5 21. c4 d4 22. c5 Ke7 23. Qe4 Kf7 24. Qd5+ Kg7 25. Qd7+ Kh6 26.
Qf5 Rhf8 27. Rc1 Rbc8 28. Rfd1 h4 29. Rc4 Kg7 30. c6 Qd5 31. Rdxd4 Qa5 32.
Rd7+ Kh6 33. Nc3 hxg3 34. h4 gxf2+ 35. Kxf2 Qb6+ 36. Kf1 Rxc6 37. h5 Rg8
38. hxg6 Qe3 39. Rh7# { Black checkmated } 1-0

[Event "ICC tourney 2201 (30 10)"]
[Site "Internet Chess Club"]
[Date "2020.12.13"]
[Round "4"]
[White "eggonlea"]
[Black "shreyanshdaga"]
[Result "1-0"]
[ICCResult "Black checkmated"]
[WhiteElo "1826"]
[BlackElo "347"]
[Opening "Sicilian: dragon, Yugoslav attack, Rauser variation"]
[ECO "B76"]
[NIC "SI.34"]
[Time "17:01:19"]
[PlyCount "43"]
[TimeControl "1800+10"]


1. e4 c5 2. Nf3 Nc6 3. d4 cxd4 4. Nxd4 Nf6 5. Nc3 g6 6. Be3 Bg7 7. f3 O-O
8. Qd2 d6 9. O-O-O Qb6 10. Ne6 Qb4 11. Nxg7 Kxg7 12. Bh6+ Kg8 13. Bxf8 Kxf8
14. a3 Qc5 15. g4 Be6 16. h4 Rd8 17. h5 gxh5 18. gxh5 d5 19. Na4 Qd6 20.
Qh6+ Kg8 21. Rg1+ Kh8 22. Qg7# { Black checkmated } 1-0

[Event "ICC tourney 2201 (30 10)"]
[Site "Internet Chess Club"]
[Date "2020.12.13"]
[Round "4"]
[White "MBashur"]
[Black "AdityaBang"]
[Result "1/2-1/2"]
[ICCResult "Game drawn by repetition"]
[WhiteElo "1011"]
[BlackElo "1408"]
[Opening "Old Indian defense"]
[ECO "E61"]
[NIC "KI.76"]
[Time "17:01:17"]
[PlyCount "77"]
[TimeControl "1800+10"]


1. d4 d6 2. c4 Nf6 3. Nc3 g6 4. Nf3 Bg7 5. e3 O-O 6. Bd3 Nc6 7. Ne4 Nxe4 8.
Bxe4 e5 9. O-O f5 10. Bd5+ Kh8 11. b3 e4 12. Ne1 Ne7 13. Nc2 c6 14. Bxc6
bxc6 15. Bb2 Bb7 16. Qd2 a5 17. Rfd1 d5 18. Ba3 Re8 19. Bxe7 Qxe7 20. Rac1
Rad8 21. cxd5 cxd5 22. b4 axb4 23. Qxb4 Qxb4 24. Nxb4 Bf8 25. Rc7 Bxb4 26.
Rxb7 Bd6 27. Rb5 Ra8 28. Rxd5 Bb4 29. Rb1 Rxa2 30. g3 Bc3 31. Rb7 Be1 32.
Kf1 Bxf2 33. Rdd7 Bxe3 34. Rxh7+ Kg8 35. Rhg7+ Kh8 36. Rh7+ Kg8 37. Rhg7+
Kh8 38. Rh7+ Kg8 39. Rhg7+ { Game drawn by repetition } 1/2-1/2

[Event "ICC tourney 2201 (30 10)"]
[Site "Internet Chess Club"]
[Date "2020.12.13"]
[Round "4"]
[White "wildrumpus"]
[Black "loonyafternoon"]
[Result "1-0"]
[ICCResult "Black checkmated"]
[WhiteElo "1535"]
[BlackElo "1156"]
[Opening "Queen's pawn: stonewall attack"]
[ECO "D00"]
[NIC "QP.08"]
[Time "17:01:39"]
[PlyCount "57"]
[TimeControl "1800+10"]


1. d4 d5 2. e3 Nf6 3. Bd3 Bd7 4. Nd2 e6 5. f4 Bd6 6. Ngf3 Nc6 7. c3 Qe7 8.
O-O O-O 9. Ne5 Ne8 10. e4 f6 11. Nxc6 Bxc6 12. e5 fxe5 13. fxe5 Bxe5 14.
Rxf8+ Qxf8 15. dxe5 Qc5+ 16. Kh1 g6 17. Nb3 Qb6 18. Bh6 Ng7 19. Qg4 Rf8 20.
Bxg6 hxg6 21. Qxg6 Rf7 22. Bxg7 Rxg7 23. Qxe6+ Rf7 24. Rf1 Qe3 25. Qxf7+
Kh8 26. Qf8+ Kh7 27. Rf7+ Kg6 28. Qg8+ Kh6 29. Rh7# { Black checkmated }
1-0

[Event "ICC tourney 2201 (30 10)"]
[Site "Internet Chess Club"]
[Date "2020.12.13"]
[Round "4"]
[White "weakfish"]
[Black "niftyfountain"]
[Result "1-0"]
[ICCResult "Black checkmated"]
[WhiteElo "1587"]
[BlackElo "1368"]
[Opening "Sicilian"]
[ECO "B56"]
[NIC "SI.25"]
[Time "17:01:18"]
[PlyCount "117"]
[TimeControl "1800+10"]


1. e4 c5 2. Nf3 d6 3. d4 cxd4 4. Nxd4 Nf6 5. Nc3 Nc6 6. Bb5 Bd7 7. Bg5 e6
8. O-O Be7 9. Re1 O-O 10. Nb3 Qc7 11. Qe2 a6 12. Bxc6 Bxc6 13. f3 Rad8 14.
Rad1 h6 15. Bh4 d5 16. exd5 Nxd5 17. Nxd5 Rxd5 18. Bg3 Qb6+ 19. Bf2 Qb5 20.
c4 Rxd1 21. cxb5 Rxe1+ 22. Qxe1 Bxb5 23. Bc5 Bxc5+ 24. Nxc5 Bc6 25. Qd2 Rc8
26. b4 Bd5 27. a3 Kf8 28. Qf4 Ke7 29. Ne4 Bxe4 30. Qxe4 Rc1+ 31. Kf2 Rc7
32. Qe3 Kd7 33. Qd4+ Ke7 34. Qxg7 Rc2+ 35. Kg3 Ra2 36. Qc3 Re2 37. Qc7+ Kf6
38. Qxb7 Re5 39. Qxa6 Rg5+ 40. Kf2 Rd5 41. b5 Rd8 42. b6 Rd2+ 43. Kg3 Rd5
44. b7 Rg5+ 45. Kf2 Rg8 46. Qb6 Rb8 47. a4 Rg8 48. b8=Q Rxb8 49. Qxb8 Ke7
50. a5 Kf6 51. a6 Ke7 52. a7 Kf6 53. a8=Q Kf5 54. Qa5+ Kf6 55. Qbd8+ Kg7
56. Qe7 Kg8 57. Qad8+ Kg7 58. Qf6+ Kh7 59. Qdh8# { Black checkmated } 1-0

[Event "ICC tourney 2201 (30 10)"]
[Site "Internet Chess Club"]
[Date "2020.12.13"]
[Round "4"]
[White "mmoss2932"]
[Black "crazyhorse9"]
[Result "0-1"]
[ICCResult "White resigns"]
[WhiteElo "1669"]
[BlackElo "1462"]
[Opening "Neo-Grünfeld, 6.O-O, main line"]
[ECO "D79"]
[NIC "QP.06"]
[Time "17:01:39"]
[PlyCount "50"]
[TimeControl "1800+10"]


1. d4 Nf6 2. Nf3 g6 3. c4 Bg7 4. g3 O-O 5. Bg2 c6 6. O-O d5 7. cxd5 cxd5 8.
Nc3 Nc6 9. e3 e6 10. b3 b6 11. Ba3 Re8 12. Rc1 Bb7 13. Re1 Rc8 14. Nb5 Ra8
15. Nd6 Qd7 16. Nxe8 Rxe8 17. Ne5 Nxe5 18. dxe5 Nh5 19. g4 Bxe5 20. gxh5
Bg7 21. Qg4 gxh5 22. Qxh5 Kh8 23. Kh1 e5 24. Rc2 d4 25. Qh3 Qxh3 { White
resigns } 0-1

[Event "ICC tourney 2201 (30 10)"]
[Site "Internet Chess Club"]
[Date "2020.12.13"]
[Round "4"]
[White "cartosky"]
[Black "baldwinsthename"]
[Result "0-1"]
[ICCResult "White resigns"]
[WhiteElo "1079"]
[BlackElo "1215"]
[Opening "English: symmetrical variation"]
[ECO "A34"]
[NIC "EO.64"]
[Time "17:01:19"]
[PlyCount "116"]
[TimeControl "1800+10"]


1. c4 c5 2. Nc3 d6 3. g3 Nc6 4. Bg2 Bd7 5. e3 Qc8 6. Nge2 Nf6 7. O-O h5 8.
d4 Bh3 9. dxc5 Ne5 10. Nf4 Bxg2 11. Kxg2 Qxc5 12. b3 h4 13. Ncd5 hxg3 14.
Nxf6+ gxf6 15. hxg3 f5 16. Bb2 O-O-O 17. Nd3 Qc6+ 18. f3 Bg7 19. Nxe5 dxe5
20. Qc2 Qg6 21. Rad1 Rxd1 22. Rxd1 Qh5 23. Qf2 Qh2+ 24. Kf1 Qxf2+ 25. Kxf2
Rh2+ 26. Ke1 Rxb2 27. f4 Rxa2 28. fxe5 Bxe5 29. Rd5 Bxg3+ 30. Kf1 e6 31.
Rd3 e5 32. e4 f4 33. Rf3 Kc7 34. Rd3 Ra3 35. Ke2 a5 36. Rd5 f6 37. Rc5+ Kd6
38. Rd5+ Ke6 39. Rb5 a4 40. bxa4 Rxa4 41. Rb6+ Kf7 42. Rxb7+ Kg6 43. c5
Ra2+ 44. Kf3 Rc2 45. Rc7 Rf2+ 46. Kg4 Rc2 47. c6 Be1 48. Rc8 Ba5 49. Rg8+
Kf7 50. Ra8 Rc5 51. Ra7+ Ke6 52. Ra6 Bc7 53. Kf3 f5 54. exf5+ Kxf5 55. Ra8
Rxc6 56. Rf8+ Ke6 57. Re8+ Kd5 58. Rd8+ Bxd8 { White resigns } 0-1

[Event "ICC tourney 2201 (30 10)"]
[Site "Internet Chess Club"]
[Date "2020.12.13"]
[Round "4"]
[White "RahulPeesa"]
[Black "ybabji"]
[Result "0-1"]
[ICCResult "White checkmated"]
[WhiteElo "1282"]
[BlackElo "1854"]
[Opening "Queen's bishop game"]
[ECO "D00"]
[NIC "QP.08"]
[Time "17:01:29"]
[PlyCount "74"]
[TimeControl "1800+10"]


1. d4 d5 2. Bf4 Nf6 3. Nf3 e6 4. e3 Bd6 5. Bxd6 Qxd6 6. Ne5 Nc6 7. Nxc6
Qxc6 8. c3 a6 9. Nd2 Qd6 10. Nf3 h6 11. Bd3 Ng8 12. O-O Ne7 13. e4 dxe4 14.
Bxe4 Rb8 15. Re1 Bd7 16. Ne5 Nc6 17. d5 Nxe5 18. dxe6 Qxd1 19. exf7+ Kxf7
20. Raxd1 Rhd8 21. Bd5+ Kf6 22. Rd4 Bf5 23. Red1 c5 24. R4d2 g5 25. g3 Bg4
26. f3 Bxf3 27. Rf1 Kg6 28. Kf2 Bxd5 29. Rfd1 Rf8+ 30. Kg1 Nf3+ 31. Kh1
Nxd2+ 32. Kg1 Nf3+ 33. Kh1 Bc6 34. b4 g4 35. b5 axb5 36. c4 Nd4+ 37. Kg1
Ne2# { White checkmated } 0-1

[Event "ICC tourney 2201 (30 10)"]
[Site "Internet Chess Club"]
[Date "2020.12.13"]
[Round "4"]
[White "e4h5"]
[Black "wawaba"]
[Result "1-0"]
[ICCResult "Black checkmated"]
[WhiteElo "1239"]
[BlackElo "863"]
[Opening "Sicilian"]
[ECO "B54"]
[NIC "SI.01"]
[Time "17:01:20"]
[PlyCount "121"]
[TimeControl "1800+10"]


1. e4 c5 2. Nf3 d6 3. d4 cxd4 4. Nxd4 Nc6 5. Nc3 g6 6. Be3 Bg7 7. Qd2 Nxd4
8. Bxd4 e5 9. Be3 Nf6 10. f3 a6 11. O-O-O Bf8 12. Bg5 Be6 13. f4 h6 14. Bh4
exf4 15. e5 g5 16. exf6 gxh4 17. Qxf4 h3 18. gxh3 h5 19. Kb1 Qc7 20. Bd3
O-O-O 21. Bf5 Bxf5 22. Qxf5+ Kb8 23. Rhe1 Bh6 24. Re7 Qc6 25. Qd5 Qxd5 26.
Rxd5 Bf4 27. Rxf7 Bxh2 28. a3 Be5 29. Ne4 h4 30. Rg7 Ka7 31. Rg4 Rhf8 32.
Rxh4 Bxf6 33. Rh6 Bg7 34. Rhxd6 Rxd6 35. Rxd6 Rf3 36. Rd3 Rf5 37. Nd6 Rf1+
38. Ka2 Rf2 39. Nxb7 Rxc2 40. Rb3 Rxb2+ 41. Rxb2 Bxb2 42. Kxb2 Kxb7 43. Kb3
Kc6 44. Kb4 Kd6 45. Ka5 Ke6 46. Kxa6 Kf5 47. Kb5 Kg5 48. a4 Kh4 49. a5 Kxh3
50. a6 Kh4 51. a7 Kh5 52. a8=Q Kh4 53. Kc4 Kh5 54. Kd5 Kh4 55. Ke4 Kh5 56.
Kf5 Kh4 57. Qg8 Kh3 58. Kf4 Kh2 59. Kf3 Kh1 60. Kf2 Kh2 61. Qg2# { Black
checkmated } 1-0

[Event "ICC tourney 2201 (30 10)"]
[Site "Internet Chess Club"]
[Date "2020.12.13"]
[Round "4"]
[White "MikeWMason"]
[Black "kaleblancman"]
[Result "0-1"]
[ICCResult "White resigns"]
[WhiteElo "1761"]
[BlackElo "1819"]
[Opening "Caro-Kann: Steinitz variation"]
[ECO "B17"]
[NIC "CK.02"]
[Time "17:01:44"]
[PlyCount "46"]
[TimeControl "1800+10"]


1. e4 c6 2. d4 d5 3. Nd2 dxe4 4. Nxe4 Nd7 5. Ng5 Ngf6 6. Bd3 e6 7. N1f3 Bd6
8. Qe2 h6 9. Ne4 Nxe4 10. Qxe4 Qc7 11. Bd2 b6 12. O-O-O Bb7 13. Qg4 Rg8 14.
Bxh6 Nf6 15. Qh4 O-O-O 16. Bd2 Rh8 17. Qg5 Nd5 18. Kb1 c5 19. c4 Nf4 20.
dxc5 Nxd3 21. cxd6 Qxd6 22. Bf4 Qxf4 23. Qxf4 Nxf4 { White resigns } 0-1

[Event "ICC tourney 2201 (30 10)"]
[Site "Internet Chess Club"]
[Date "2020.12.13"]
[Round "4"]
[White "wawama"]
[Black "Mannansh"]
[Result "0-1"]
[ICCResult "White checkmated"]
[WhiteElo "1094"]
[BlackElo "1257"]
[Opening "Queen's pawn game"]
[ECO "D00"]
[NIC "QP.07"]
[Time "17:01:16"]
[PlyCount "128"]
[TimeControl "1800+10"]


1. d4 Nf6 2. Nc3 d5 3. Nf3 Bf5 4. Bf4 e6 5. a3 Bd6 6. Bxd6 Qxd6 7. Nh4 Bg6
8. Nxg6 hxg6 9. h3 c5 10. e3 O-O 11. dxc5 Qxc5 12. Be2 Nc6 13. O-O Rfd8 14.
Qc1 d4 15. exd4 Nxd4 16. Bd3 Nb3 17. cxb3 Rxd3 18. Rd1 Rad8 19. Rxd3 Rxd3
20. Qe1 Nd5 21. b4 Qc4 22. Nxd5 Qxd5 23. Qe2 Rd2 24. Qg4 Rxb2 25. Rd1 Rd2
26. Rc1 Qf5 27. Qxf5 gxf5 28. Rc3 g5 29. Rg3 f6 30. h4 Kf7 31. hxg5 fxg5
32. Rxg5 Rd3 33. Rg3 Rxg3 34. fxg3 e5 35. Kf2 Ke6 36. Ke3 Kd5 37. Kd3 e4+
38. Kc3 b5 39. Kd2 Kc4 40. Ke3 Kb3 41. g4 fxg4 42. Kxe4 Kxa3 43. Kf4 Kxb4
44. Kxg4 Kc4 45. Kf5 b4 46. g4 b3 47. g5 b2 48. g6 b1=Q+ 49. Kf6 Qxg6+ 50.
Kxg6 a5 51. Kf5 a4 52. Ke4 a3 53. Ke3 a2 54. Kd2 a1=Q 55. Ke3 Qd4+ 56. Kf3
Qe5 57. Kg4 Qf6 58. Kg3 Qf5 59. Kg2 Qf4 60. Kh1 Qg4 61. Kh2 Kd3 62. Kh1 Ke2
63. Kh2 Kf2 64. Kh1 Qh3# { White checkmated } 0-1

[Event "ICC tourney 2201 (30 10)"]
[Site "Internet Chess Club"]
[Date "2020.12.13"]
[Round "4"]
[White "solveur"]
[Black "chesslin"]
[Result "1-0"]
[ICCResult "Black resigns"]
[WhiteElo "1319"]
[BlackElo "1804"]
[Opening "King's Indian: Zinnowitz variation"]
[ECO "E90"]
[NIC "KI.21"]
[Time "17:01:29"]
[PlyCount "141"]
[TimeControl "1800+10"]


1. d4 g6 2. c4 Bg7 3. Nc3 d6 4. e4 Nf6 5. Nf3 O-O 6. Bg5 h6 7. Bh4 Nc6 8.
Be2 Bg4 9. O-O Bxf3 10. Bxf3 Nd7 11. d5 Nce5 12. Be2 g5 13. Bg3 Ng6 14. Qc2
e5 15. f3 h5 16. Bf2 Bh6 17. b4 Nf4 18. c5 a6 19. a3 g4 20. fxg4 hxg4 21.
Bxg4 Qg5 22. Bf3 Kg7 23. c6 bxc6 24. dxc6 Nf6 25. Nd5 N6xd5 26. exd5 f5 27.
Qb2 Kf7 28. Bg3 Nd3 29. Qe2 Qe3+ 30. Kh1 Kg8 31. Qxe3 Bxe3 32. Be2 e4 33.
Bxd3 exd3 34. Rad1 f4 35. Bf2 d2 36. g3 Rae8 37. Kg2 Re5 38. gxf4 Bxf4 39.
Kh1 Rh5 40. Rg1+ Kh7 41. Bg3 Bxg3 42. Rxg3 Rf2 43. Rg2 Rxg2 44. Kxg2 Rxd5
45. Kf2 Rd3 46. a4 Rd5 47. Ke3 a5 48. Rxd2 Re5+ 49. Kd4 axb4 50. Kc4 Rc5+
51. Kxb4 Rxc6 52. a5 Ra6 53. Rc2 c6 54. Rd2 d5 55. Ra2 Kh6 56. Kc5 Kh5 57.
Kb4 Kh4 58. Ka4 Kh3 59. Rb2 d4 60. Rb6 d3 61. Rb3 Kxh2 62. Rxd3 Kg2 63. Rb3
Ra7 64. Rb6 Rc7 65. a6 c5 66. Rb7 Rc8 67. a7 Ra8 68. Kb5 Kf3 69. Kxc5 Ke4
70. Kb6 Kd5 71. Rb8 { Black resigns } 1-0

[Event "ICC tourney 2201 (30 10)"]
[Site "Internet Chess Club"]
[Date "2020.12.13"]
[Round "4"]
[White "auggie29"]
[Black "blackjack721"]
[Result "1-0"]
[ICCResult "Black checkmated"]
[WhiteElo "1095"]
[BlackElo "1492"]
[Opening "Four knights: Italian variation"]
[ECO "C47"]
[NIC "RG.01"]
[Time "17:01:51"]
[PlyCount "81"]
[TimeControl "1800+10"]


1. e4 e5 2. Nf3 Nf6 3. Nc3 Nc6 4. Bc4 d6 5. Ng5 Bg4 6. Bxf7+ Kd7 7. f3 h6
8. fxg4 hxg5 9. d3 Qe7 10. Bb3 Nd4 11. Bxg5 c6 12. Qd2 Qd8 13. O-O-O Be7
14. h3 a5 15. a3 b5 16. Ne2 Nxe4 17. Bxe7 Nxb3+ 18. cxb3 Qxe7 19. dxe4 a4
20. b4 Rh6 21. Ng3 Rg6 22. Nf5 Qf7 23. Rhf1 Qc4+ 24. Qc2 Qa2 25. Rf3 Rc8
26. Rfd3 d5 27. exd5 c5 28. bxc5 Qc4 29. Qxc4 bxc4 30. c6+ Kc7 31. Rc3 Kb6
32. Rxc4 Rc7 33. d6 Rxc6 34. Rxc6+ Kxc6 35. d7 Kb5 36. d8=Q Rc6+ 37. Kb1
Rc5 38. Qd7+ Kc4 39. Rc1+ Kb3 40. Rxc5 g5 41. Qb5# { Black checkmated } 1-0

[Event "ICC tourney 2201 (30 10)"]
[Site "Internet Chess Club"]
[Date "2020.12.13"]
[Round "4"]
[White "keb2020"]
[Black "RatislavK"]
[Result "1-0"]
[ICCResult "Black resigns"]
[WhiteElo "1883"]
[BlackElo "1311"]
[Opening "Van't Kruijs opening"]
[ECO "A00"]
[Time "17:02:09"]
[PlyCount "71"]
[TimeControl "1800+10"]


1. e3 Nf6 2. b3 d5 3. Bb2 Nc6 4. Nf3 Bg4 5. h3 Bxf3 6. Qxf3 e5 7. Bb5 Bd6
8. d3 O-O 9. Nd2 Ne7 10. d4 e4 11. Qd1 a6 12. Be2 b5 13. c4 c6 14. O-O Rc8
15. Rc1 Bb8 16. f4 exf3 17. Nxf3 Ne4 18. Bd3 Qc7 19. cxd5 Ng3 20. Rf2 Nxd5
21. e4 Nf4 22. Ne5 f6 23. Rxc6 Qe7 24. Rxc8 Rxc8 25. Rxf4 fxe5 26. Rg4 exd4
27. Bxd4 Be5 28. Bf2 Nh5 29. Bf1 Nf6 30. Rg5 Rd8 31. Rxe5 Rxd1 32. Rxe7 Rd2
33. a4 bxa4 34. bxa4 a5 35. Bb6 Ra2 36. Bc4+ { Black resigns } 1-0

[Event "ICC tourney 2201 (30 10)"]
[Site "Internet Chess Club"]
[Date "2020.12.13"]
[Round "4"]
[White "AlanZ"]
[Black "tgeis13"]
[Result "1/2-1/2"]
[ICCResult "Game drawn because neither player has mating material"]
[WhiteElo "1744"]
[BlackElo "1044"]
[Opening "Réti opening"]
[ECO "A05"]
[NIC "QP.11"]
[Time "17:01:20"]
[PlyCount "147"]
[TimeControl "1800+10"]


1. Nf3 Nf6 2. e3 c5 3. c4 Nc6 4. Be2 e6 5. Nc3 Be7 6. O-O O-O 7. b3 d5 8.
cxd5 exd5 9. d4 Bg4 10. dxc5 Bxc5 11. Bb2 Re8 12. h3 Bh5 13. Qd2 Bb4 14. a3
Ne4 15. Qc2 Bxc3 16. Bxc3 Rc8 17. Rac1 Ne5 18. Qb2 Bxf3 19. Bxf3 Nd3 20.
Qa1 Nxc1 21. Rxc1 Qb6 22. Bxe4 dxe4 23. Rb1 Qc6 24. Bxg7 Re6 25. Bb2 Rg6
26. Rd1 Qe6 27. Kh1 Qf5 28. Rd2 Qg5 29. Qf1 Rd8 30. Rxd8+ Qxd8 31. Qc4 Re6
32. Qc5 Qd1+ 33. Kh2 Qd6+ 34. Qxd6 Rxd6 35. Bd4 a6 36. Kg3 f5 37. Kf4 Rd5
38. g4 fxg4 39. hxg4 Rb5 40. b4 h5 41. gxh5 Rxh5 42. Kxe4 Kf7 43. a4 Ke6
44. a5 Rh4+ 45. f4 Rh5 46. Be5 Rh4 47. Kd4 Rh7 48. e4 Rd7+ 49. Kc5 Rf7 50.
Bb8 Rh7 51. f5+ Kf6 52. Kd5 Rd7+ 53. Bd6 Rh7 54. Be5+ Ke7 55. Bd4 Rh5 56.
Kc4 Kd7 57. Kc5 Rg5 58. Kb6 Kc8 59. f6 Rb5+ 60. Ka7 Kd7 61. f7 Ke7 62.
f8=Q+ Kxf8 63. e5 Ke8 64. Bc5 Kd7 65. Kb8 Ke6 66. Bd6 Kd7 67. Ka7 Kc6 68.
Ka8 b6 69. axb6 Kxb6 70. Kb8 Kc6+ 71. Kc8 a5 72. bxa5 Rxa5 73. Kd8 Rxe5 74.
Bxe5 { Game drawn because neither player has mating material } 1/2-1/2